 Dungeon Crawl Stone Soup version 0.29-a0-393-g47a863cc1b (webtiles) character file.

Game seed: 8207535610255210537

79 zishaf the Skirmisher (level 4, -1/42 HPs)
             Began as a Minotaur Berserker on May 10, 2022.
             Was a Believer of Trog.
             Killed by divine providence
             ... invoked by an orc priest
              (14 damage)
             ... on level 3 of the Dungeon.
             The game lasted 00:02:03 (1781 turns).

zishaf the Skirmisher (Minotaur Berserker)          Turns: 1781, Time: 00:02:03

Health: -1/42      AC:  6    Str: 23    XL:     4   Next: 16%
Magic:  3/3        EV: 11    Int:  4    God:    Trog [**....]
Gold:   98         SH:  0    Dex: 10    Spells: 3/3 levels left

rFire   . . .      SeeInvis .   a - +0 hand axe
rCold   . . .      Faith    .   (no shield)
rNeg    . . .      Spirit   .   e - +0 ring mail
rPois   .          Reflect  .   (helmet restricted)
rElec   .          Harm     .   f - +0 cloak
rCorr   .          Rampage  .   (no gloves)
Will    .....                   (no boots)
Stlth   ..........              (no amulet)
HPRegen 0.14/turn               (no ring)
MPRegen 0.08/turn               (no ring)

@: no status effects
A: horns 2, retaliatory headbutt
a: Renounce Religion, Berserk, Trog's Hand


You were on level 3 of the Dungeon.
You worshipped Trog.
Trog was pleased with you.
You visited 1 branch of the dungeon, and saw 3 of its levels.

You collected 98 gold pieces.

Inventory:

Hand Weapons
 a - a +0 hand axe (weapon)
Armour
 b - a +0 animal skin
 e - a +0 ring mail (worn)
 f - a +0 cloak (worn)
Jewellery
 m - an amulet of magic regeneration
Scrolls
 c - 3 scrolls of fog {unknown}
 d - a scroll of silence {unknown}
 k - 2 scrolls of identify {unknown}
 l - a scroll of torment {unknown}
 o - a scroll of amnesia {unknown}
 q - a scroll of noise {unknown}
Potions
 g - a potion of haste {unknown}
 h - a potion of magic {unknown}
 i - a potion of mutation {unknown}
 j - a potion of curing {unknown}
 n - 2 potions of heal wounds {unknown}
 p - a potion of attraction {unknown}


   Skills:
 + Level 5.0 Fighting
 + Level 5.0 Axes
 - Level 2.4 Armour
 - Level 2.1 Dodging


You had 3 spell levels left.
You didn't know any spells.
Your spell library was empty.

Dungeon Overview and Level Annotations

Branches:
Dungeon (3/15)

Altars:
Beogh

Shops:
D:2 (


Innate Abilities, Weirdness & Mutations

You have a pair of horns on your head.
You reflexively headbutt those who attack you in melee.


Message History

You hit the orc wizard but do no damage.
The orc wizard is severely wounded.
The orc wizard hits you but does no damage.
A rat comes into view.
You hit the orc wizard but do no damage.
The orc wizard is severely wounded.
The orc wizard hits you with a +0 dagger.
You hit the orc wizard.
The orc wizard is almost dead.
The orc wizard casts a spell at you. You resist with some effort.
You barely miss the orc wizard. Your headbutt misses the orc wizard.
The orc wizard is almost dead.
The orc wizard points at you and mumbles some strange words.
You are confused.
You are too confused!
You are too confused!
You are too confused!
You are too confused!
You are too confused!
You are too confused!
You closely miss the orc. The orc misses you.
The orc priest looks satisfied for a moment.
You hit the orc but do no damage.
The orc wizard gestures wildly while chanting.
The orc wizard flickers and vanishes!
Deactivating autopickup; reactivate with Ctrl-A.
The orc hits you with a +0 flail.
You hit the orc.
The orc is heavily wounded.
The orc hits you with a +0 flail! The orc attacks as you move away!
The orc hits you with a +0 flail.
The orc priest calls down the wrath of Beogh upon you.
Beogh smites you!
You bump into the rock wall.
You feel less confused. Something hits you. The orc barely misses you.
The orc priest calls down the wrath of Beogh upon you.
Beogh smites you!
You die...

#............
##.########.#. ##
#.# .#.# ..
...####.########.
..
.................
..
##+##.....######
.. ##.⌠..# .
##...########.
##..o@{oo.r..
##..######## #..#
#..# #..# #.##
..# .. ⌠..


You could see an orc priest, 2 orcs and a rat.

Vanquished Creatures
  2 adders
  A worm (D:2)
  2 dart slugs
  7 ball pythons
  2 endoplasms (D:2)
  3 giant cockroaches (D:1)
  3 goblins
  7 hobgoblins
  4 quokkas
  8 bats
  4 frilled lizards
  5 kobolds
  4 rats
52 creatures vanquished.

Notes
Turn   | Place    | Note
-------+----------+-------------------------------------------
     0 | D:1      | zishaf the Minotaur Berserker began the quest for the Orb.
     0 | D:1      | Reached XP level 1. HP: 19/19 MP: 0/0
   241 | D:1      | Reached XP level 2. HP: 22/27 MP: 1/1
   403 | D:1      | Reached ** piety under Trog
   627 | D:1      | Reached XP level 3. HP: 34/34 MP: 2/2
   633 | D:1      | Found a faded altar of an unknown god.
  1352 | D:2      | Found Ywashybubu's Weapon Emporium.
  1421 | D:2      | Identified the +0 leather armour of the Gravedigger {rPois
                  | rN+ Dex+2}
  1658 | D:3      | Reached XP level 4. HP: 41/41 MP: 3/3
  1748 | D:3      | Reached skill level 5 in Fighting
  1748 | D:3      | Reached skill level 5 in Axes
  1781 | D:3      | Killed from afar by an orc priest

Illustrated notes

Levels and vault maps discovered:
D:1:      lightli_arrival_lavapool, layout_rooms,
          hellmonk_ecumenical_altar_defaced_shrine,
          nicolae_concentric_dashed_squares_mild, minmay_misc_feat_five
D:2:      layout_basic, serial_shops, shop, minmay_tripent
D:3:      layout_loops_ring, nicolae_overflow_ecumenical_swirl, uniq_ijyb

Skill      XL: |  1  2  3  4 |
---------------+-------------+-----
Fighting       | 4 5 |  5.0
Axes           | 4 5 |  5.0
Armour         | |  2.4
Dodging        | |  2.1

Action                   |  1- 3 |  4- 6 || total
-------------------------+-------+-------++-------
Melee: Hand axe          |   105 |    15 ||   120
       Headbutt          |    14 |     1 ||    15
       Punch             |     2 |       ||     2
Armor: Animal skin       |    11 |       ||    11
       Ring mail         |    29 |     6 ||    35
Dodge: Dodged            |    63 |     7 ||    70

Table legend: (Time is in decaauts)
 A = Elapsed time spent in this place.
 B = Non-inter-level travel time spent in this place.
 C = Inter-level travel time spent in this place.
 D = Time resting spent in this place.
 E = Time spent auto-exploring this place.
 F = Levels seen in this place.
 G = Mean time per level.
                   A        B        C        D        E       F      G
               +--------+--------+--------+--------+--------+-----+--------+
         Total |   1789 |   1714 |     75 |      0 |   1397 |   3 |  596.3 |
       Dungeon |   1789 |   1714 |     75 |      0 |   1397 |   3 |  596.3 |
               +--------+--------+--------+--------+--------+-----+--------+

Top non-repeatable levels by time:
     D:1: 878 daAuts
     D:2: 781 daAuts
     D:3: 129 daAuts
